 Dungeon Crawl Stone Soup version 0.29.1-15-g9cfb28693d (webtiles) character file.

Game seed: 14455752851308917149

23874 MacCMillion the Grappler (level 12, -3/123 HPs)
             Began as a Troll Fighter on Feb 23, 2023.
             Was an Elder of Wu Jian.
             Shot with an arrow by Nessos (6 damage)
             ... on level 3 of the Lair of Beasts.
             The game lasted 00:24:52 (13846 turns).

MacCMillion the Grappler (Troll Fighter)           Turns: 13846, Time: 00:24:52

Health: -3/123     AC:  9    Str: 27    XL:     12   Next: 75%
Magic:  11/11      EV: 10    Int:  8    God:    Wu Jian [****..]
Gold:   1321       SH: 10    Dex:  9    Spells: 11/11 levels left

rFire   . . .      SeeInvis .     - Unarmed
rCold   . . .      Faith    .   b - +0 kite shield
rNeg    . . .      Spirit   .   M - +0 acid dragon scales
rPois   .          Reflect  .   (helmet restricted)
rElec   .          Harm     .   D - +0 cloak
rCorr   +          Rampage  .   (gloves unavailable)
Will    .....                   (boots unavailable)
Stlth   +.........              (no amulet)
HPRegen 1.10/turn               r - ring of resist corrosion
MPRegen 0.12/turn               (no ring)

@: lethally poisoned (-3 -> -13), frozen, very slow
A: large, unfitting armour, claws 3, regeneration 1, shaggy fur 1, tough skin 1
a: Renounce Religion, Wall Jump, Serpent's Lash


You were on level 3 of the Lair of Beasts.
You worshipped Wu Jian.
Wu Jian was greatly pleased with you.
You visited 3 branches of the dungeon, and saw 15 of its levels.

You collected 1321 gold pieces.

Inventory:

Missiles
 l - a throwing net (quivered)
Armour
 a - a +0 robe
 b - a +0 kite shield (worn)
 D - a +0 cloak (worn)
 M - +0 acid dragon scales (worn)
 P - the +0 tower shield "Caosaommo" {rF+ rC+++ rN+ Str-5}
   (You found it on level 3 of the Lair of Beasts)

   Str:       It affects your strength (-5).
   rF:        It protects you from fire.
   rC:        It renders you almost immune to cold.
   rN:        It protects you from negative energy.
Jewellery
 r - a ring of resist corrosion (left claw)
 y - a ring of fire
 K - a ring of fire
Wands
 e - a wand of digging (8)
 B - a wand of mindburst (10)
 H - a wand of quicksilver (10)
 J - a wand of charming (4)
Scrolls
 g - 3 scrolls of fear
 k - 2 scrolls of enchant weapon
 m - 4 scrolls of magic mapping
 p - 10 scrolls of teleportation
 q - 5 scrolls of poison
 t - 2 scrolls of vulnerability
 w - a scroll of silence
 A - 2 scrolls of immolation
 E - a scroll of torment
 F - 4 scrolls of blinking
 G - 3 scrolls of enchant armour
 I - a scroll of fog
 L - 4 scrolls of identify
 N - a scroll of noise
 Q - a scroll of brand weapon
Potions
 c - 2 potions of might
 d - 4 potions of haste
 f - 4 potions of heal wounds
 h - 3 potions of attraction
 i - 4 potions of resistance
 j - a potion of invisibility
 n - 2 potions of cancellation
 o - 2 potions of curing
 s - 2 potions of degeneration
 u - a potion of magic
 v - 2 potions of brilliance
 x - 2 potions of flight
 z - 5 potions of berserk rage
 C - 4 potions of mutation
 O - a potion of lignification


   Skills:
 + Level 9.0 Fighting
 + Level 7.4 Dodging
 + Level 9.7 Shields
 * Level 14.3 Unarmed Combat


You had 11 spell levels left.
You didn't know any spells.
Your spell library contained the following spells:

 Spells                   Type           Power      Damage    Failure   Level
 Sandblast                Erth           0%         2d4       69%         1
 Summon Small Mammal      Summ           0%         N/A       69%         1
 Passwall                 Tmut/Erth      0%         N/A       83%         2
 Poisonous Vapours        Pois/Air       0%         N/A       83%         2
 Call Canine Familiar     Summ           0%         N/A       96%         3
 Confusing Touch          Hex            0%         N/A       96%         3
 Stone Arrow              Conj/Erth      0%         3d7       96%         3
 Summon Guardian Golem    Hex/Summ       0%         N/A       96%         3
 Corpse Rot               Necr/Pois/Air  0%         N/A       100%        4
 Yara's Violent Unravell  Hex/Tmut       0%         3d3       100%        5
 Enfeeble                 Hex            0%         N/A       100%        7


Dungeon Overview and Level Annotations

Branches:
Dungeon (11/15)            Temple (1/1) D:5            Lair (3/5) D:10
  Swamp (0/4) Lair:2        Snake (0/4) Lair:2          Orc (0/2) D:9

Altars:
Cheibriados
Dithmenos
Elyvilon
Gozag
Hepliaklqana
Kikubaaqudgha
Makhleb
Nemelex Xobeh
Qazlal
Sif Muna
Trog
Uskayaw
Vehumet
Wu Jian
Yredelemnul
Zin

Annotations:
Lair:3 Nessos


Innate Abilities, Weirdness & Mutations

You are too large for most types of armour.
You have claws for hands.
Your natural rate of healing is unusually fast.
You are covered in fur. (AC +1)
You have tough skin. (AC +1)


Message History

Nergalle hits you with a +0 dagger.
You spin and attack Nergalle repeatedly.
You mangle Nergalle!!
Nergalle is heavily wounded.
You barely miss Nergalle.
Nergalle is heavily wounded.
You feel very sick.
Nessos gestures wildly while chanting.
Nessos seems to speed up.
You block Nergalle's attack.
Nessos shoots an arrow.
The arrow hits you! The arrow burns you.
You are more poisoned.
You spin and attack Nergalle repeatedly.
You mangle Nergalle!!
Nergalle is almost dead.
You claw Nergalle!
You kill Nergalle!
The Council accepts your kill.
You feel extremely sick.
Nessos mumbles some strange words.
Nessos blinks!
A rime drake comes into view.
Your life force feels restored.
Your Fighting skill increases to level 9!
You feel very sick.
The rime drake hisses angrily.
Nessos shoots an arrow.
The arrow hits you! The arrow burns you.
Nessos shoots an arrow.
The arrow hits you!
* * * LOW HITPOINT WARNING * * *
The arrow burns you.
You are lethally poisoned!
* * * LOW HITPOINT WARNING * * *
The rime drake breathes ice at you. The flash freeze hits you!!
* * * LOW HITPOINT WARNING * * *
You are encased in ice.
You feel better.
Nessos shoots an arrow.
The arrow hits you!
* * * LOW HITPOINT WARNING * * *
The arrow burns you.
You are lethally poisoned!
You die...

............
.##.........#....### ..
..##...##.#......c.##...
....................#..
......................
....................#
..........#........# .
#.#..P....#........#....
#....P..........@<..#
..#...........).........
........................
..#...........§§§.......
P....#........§§§≈.#....
..............≈§#≈.##k..
.#............≈§§≈§# ...
###.PP........≈≈§≈.# ..
###..P........≈§§§..


You could see Nessos (fast) and a rime drake (catching breath).

Vanquished Creatures
  Josephine (Lair:3)
  A hydra (Lair:2)
  A two-headed ogre (D:11)
  Nergalle (Lair:3)
  2 bog bodies (Lair:2)
  A cyclops (D:11)
  3 elephants (Lair:2)
  A centaur zombie (D:10)
  2 gargoyles (D:11)
  A kobold demonologist (D:9)
  7 cane toads
  4 komodo dragons
  2 polar bears
  10 blink frogs
  2 shadows
  6 wraiths
  4 basilisks
  A vampire (D:10)
  A wyvern (D:7)
  33 yaks
  2 steam dragons
  2 acid dragons (D:11)
  9 water moccasins
  3 nagas (Lair:2)
  A black bear (D:6)
  A sky beast (D:6)
  An orc warrior (D:9)
  2 ogres
  3 centaurs
  A phantom (D:6)
  2 kobold brigands
  8 bullfrogs
  2 scorpions
  A gnoll sergeant (D:8)
  12 wights
  12 killer bees
  2 howler monkeys
  6 hounds
  A jelly (D:7)
  6 orc priests
  A gnoll bouda (D:9)
  3 iguanas
  12 orc wizards
  A howler monkey zombie (D:10)
  22 gnolls
  9 adders
  2 shadow imps
  3 white imps
  2 ufetubi
  3 worms
  4 dart slugs
  36 orcs
  5 ball pythons
  9 endoplasms
  7 giant cockroaches
  8 goblins
  12 hobgoblins
  6 jackals
  14 kobolds
  5 quokkas
  3 bats
  A frilled lizard (D:1)
  8 rats
337 creatures vanquished.

Vanquished Creatures (others)
  7 fungi
  26 plants
33 creatures vanquished.

Grand Total: 370 creatures vanquished

Notes
Turn   | Place    | Note
-------+----------+-------------------------------------------
     0 | D:1      | MacCMillion the Troll Fighter began the quest for the Orb.
     0 | D:1      | Reached XP level 1. HP: 22/22 MP: 0/0
   138 | D:1      | Reached XP level 2. HP: 29/29 MP: 1/1
   383 | D:1      | Found a faded altar of an unknown god.
   407 | D:1      | Reached XP level 3. HP: 36/36 MP: 2/2
   480 | D:1      | Reached skill level 3 in Unarmed Combat
   921 | D:2      | Reached XP level 4. HP: 38/44 MP: 3/3
  1432 | D:2      | Reached skill level 4 in Unarmed Combat
  1432 | D:2      | Reached XP level 5. HP: 53/53 MP: 4/4
  1669 | D:3      | Found a burning altar of Makhleb.
  2373 | D:4      | Reached XP level 6. HP: 50/61 MP: 5/5
  2660 | D:3      | Reached skill level 5 in Unarmed Combat
  3058 | D:5      | Entered Level 5 of the Dungeon
  3085 | D:5      | Reached XP level 7. HP: 42/68 MP: 6/6
  3381 | D:5      | Reached skill level 6 in Unarmed Combat
  3542 | D:5      | Found a staircase to the Ecumenical Temple.
  3552 | Temple   | Entered the Ecumenical Temple
  3580 | Temple   | Became a worshipper of the Wu Jian Council
  4272 | D:6      | Reached XP level 8. HP: 73/79 MP: 7/7
  4316 | D:6      | Reached skill level 5 in Shields
  4352 | D:6      | Reached skill level 7 in Unarmed Combat
  4617 | D:6      | Reached skill level 5 in Fighting
  4702 | D:6      | Reached skill level 8 in Unarmed Combat
  5182 | D:7      | Found a sparkling altar of Nemelex Xobeh.
  5183 | D:7      | Found a radiant altar of Vehumet.
  5183 | D:7      | Found a shadowy altar of Dithmenos.
  5240 | D:7      | Reached * piety under Wu Jian
  5632 | D:7      | Reached XP level 9. HP: 82/88 MP: 8/8
  5724 | D:6      | HP: 1/88 [killer bee (5)]
  5731 | D:6      | HP: 3/88 [killer bee (6)]
  5910 | D:7      | Found a shimmering blue altar of Sif Muna.
  6319 | D:7      | Reached skill level 9 in Unarmed Combat
  6488 | D:8      | Reached ** piety under Wu Jian
  6509 | D:8      | Reached skill level 10 in Unarmed Combat
  7034 | D:8      | Found a glowing silver altar of Zin.
  7440 | D:7      | Identified a scroll of acquirement
  7454 | D:7      | Acquired 732 gold pieces
  7490 | D:8      | Reached XP level 10. HP: 93/98 MP: 9/9
  7649 | D:8      | Found an opulent altar of Gozag.
  7842 | D:9      | Found a staircase to the Orcish Mines.
  8567 | D:9      | Reached skill level 11 in Unarmed Combat
  9149 | D:10     | Entered Level 10 of the Dungeon
  9180 | D:10     | Reached skill level 5 in Dodging
  9331 | D:10     | Reached *** piety under Wu Jian
  9409 | D:10     | Reached XP level 11. HP: 87/109 MP: 10/10
  9433 | D:10     | Found a basalt altar of Yredelemnul.
  9509 | D:10     | Found a staircase to the Lair.
 10088 | D:11     | Reached skill level 12 in Unarmed Combat
 10643 | D:11     | Noticed a two-headed ogre
 10655 | D:11     | Killed a two-headed ogre
 10852 | D:11     | Noticed an eight-headed hydra
 10984 | Lair:1   | Entered Level 1 of the Lair of Beasts
 10996 | Lair:1   | Identified the +8 hand axe "Qokejiugg" {vorpal, Contam
                  | +Blink rF+++ rC++}
 11878 | Lair:1   | Reached skill level 13 in Unarmed Combat
 12536 | Lair:2   | Found a staircase to the Snake Pit.
 12571 | Lair:2   | Reached XP level 12. HP: 107/120 MP: 11/11
 12650 | Lair:2   | Reached **** piety under Wu Jian
 12758 | Lair:2   | Found a staircase to the Swamp.
 12783 | Lair:2   | HP: 3/122 [blink frog (12)]
 13068 | Lair:2   | Noticed a five-headed hydra
 13076 | Lair:2   | Killed an 11-headed hydra
 13178 | Lair:2   | Identified the +4 whip "Aqun" {vorpal, Drain rN++ MP+9
                  | Dex-4}
 13482 | Lair:3   | Reached skill level 14 in Unarmed Combat
 13492 | Lair:3   | Identified the +0 tower shield "Caosaommo" {rF+ rC+++ rN+
                  | Str-5}
 13567 | Lair:3   | Noticed Josephine
 13571 | Lair:3   | Noticed a boulder beetle
 13708 | Lair:3   | Killed Josephine
 13838 | Lair:3   | Noticed Nergalle
 13840 | Lair:3   | Noticed Nessos
 13844 | Lair:3   | Killed Nergalle
 13846 | Lair:3   | HP: 3/123 [Nessos/arrow (15)]
 13846 | Lair:3   | Shot with an arrow by Nessos

Illustrated notes

Levels and vault maps discovered:
D:1:      psy_arrival_fountain, layout_loops_ring,
          dilly_ecumenical_altar_fadedgnrine, minmay_misc_feat_columns,
          fountainhead, minmay_pentomino_w2
D:2:      layout_loops_corners
D:3:      layout_loops_ring, lemuel_crystal_altar
D:4:      layout_cave_pools
D:5:      minmay_opposing_rooms, layout_loops_ring, minmay_temple_entry_tees,
          chequers_jeans, serial_bayou_ford_a
D:6:      layout_basic
D:7:      layout_layer_cave, minitemple, lemuel_coloured_pillars_altar,
          reono_crystal_passage, st_stairs_1, kennysheep_another_room
D:8:      cheibrodos_helix_gallery, layout_loops_cross,
          pdpol_temple_overflow_zin_treasury_gozag_greed
D:9:      layout_roguey, david_orc_3
D:10:     layout_roguey, lemuel_zombie_altar_yredelemnul, david_lair_shrubbed
D:11:     layout_loops_corners
Temple:   dpeg_chambers_temple
Lair:1:   layout_gridlike, beast_lair_carwin_2, serial_bayou_shore_b
Lair:2:   layout_roguey, skrybe_swamp_entry_bodies,
          minmay_snake_entry_guardpost_small
Lair:3:   layout_gridlike, portal_ice_cave_entry_ice_simulacra,
          nzn_masters_of_martial_movement, uniq_josephine, uniq_nessos,
          uniq_nergalle

Skill      XL: |  1  2  3  4  5  6  7  8  9 10 11 12 |
---------------+-------------------------------------+-----
Shields        | 3 4 6 7 8 9 |  9.7
Unarmed Combat | 3 4 5 6 8 10 11 13 14 | 14.3
Fighting       | 3 4 5 6 7 8 9 |  9.0
Dodging        | 3 5 6 7 |  7.4

Action                   |  1- 3 |  4- 6 |  7- 9 | 10-12 || total
-------------------------+-------+-------+-------+-------++-------
Melee: Unarmed           |    88 |   220 |   331 |   603 ||  1242
Invok: Lunge             |       |       |    28 |    52 ||    80
       Whirlwind         |       |       |     4 |    77 ||    81
       Serpent's Lash    |       |       |       |     1 ||     1
Evoke: Wand              |       |       |       |     3 ||     3
  Use: Scroll            |       |       |    22 |     8 ||    30
       Potion            |       |       |     4 |     3 ||     7
 Stab: Sleeping          |     1 |       |       |       ||     1
Armor: Robe              |    27 |    53 |    76 |    43 ||   199
       Acid dragon scale |       |       |       |    73 ||    73
Dodge: Dodged            |    25 |    67 |   118 |   169 ||   379
Block: Kite shield       |    14 |    77 |   130 |   178 ||   399
       Tower shield      |       |       |       |     2 ||     2
